 Dungeon Crawl Stone Soup version 0.29-a0-194-g6e3aafee17 (webtiles) character file.

Game seed: 15734577088579237052

241 Zeldest the Sneak (level 5, 0/25 HPs)
             Began as a Felid Delver on Feb 22, 2022.
             Slain by an orc
             ... wielding a +0 flail
              (9 damage)
             ... on level 6 of the Dungeon.
             The game lasted 00:04:51 (2885 turns).

Zeldest the Sneak (Felid Delver)                    Turns: 2885, Time: 00:04:51

Health: 0/25       AC:  1    Str:  8    XL:     5   Next: 80%
Magic:  6/6        EV: 19    Int: 12    God:
Gold:   126        SH:  0    Dex: 19    Spells: 4/4 levels left
                                        Lives:  0   Deaths: 1

rFire   . . .      SeeInvis +     - Unarmed
rCold   . . .      Faith    .   (shield unavailable)
rNeg    . . .      Spirit   .   (body armour unavailable)
rPois   .          Reflect  .   (helmet unavailable)
rElec   .          Harm     .   (cloak unavailable)
rCorr   .          Rampage  .   (gloves unavailable)
Will    .....                   (boots unavailable)
Stlth   ++++......              (no amulet)
HPRegen 0.08/turn               j - ring of willpower
MPRegen 0.10/turn               (no ring)

@: weak-willed, quick
A: very small, claws 1, fangs 3, see invisible, speed 1, shaggy fur 1, stealthy
paws, no weapons or thrown items, no armour, multi-lived
a: no special abilities


You were on level 6 of the Dungeon.
You visited 1 branch of the dungeon, and saw 4 of its levels.

You collected 126 gold pieces.

Inventory:

Jewellery
 j - a ring of willpower (left paw)
Wands
 e - a wand of digging (3)
 f - a wand of polymorph (8)
Scrolls
 a - a scroll of fog
 b - a scroll of magic mapping
 c - a scroll of teleportation
 g - 2 scrolls of identify
 k - a scroll of enchant armour
Potions
 d - a potion of curing
 h - a potion of invisibility {unknown}


   Skills:
 + Level 4.0 Fighting
 + Level 4.5 Dodging
 + Level 7.7 Stealth
 * Level 4.3 Unarmed Combat


You had 4 spell levels left.
You didn't know any spells.
Your spell library contained the following spells:

 Spells                   Type           Power      Damage    Failure   Level
 Foxfire                  Conj/Fire      0%         2x1d4     32%         1
 Ensorcelled Hibernation  Hex/Ice        0%         N/A       45%         2
 Passwall                 Tmut/Erth      0%         N/A       45%         2
 Conjure Flame            Conj/Fire      0%         6-21      69%         3
 Gell's Gravitas          Tloc           0%         N/A       69%         3
 Inner Flame              Hex/Fire       0%         N/A       69%         3
 Lesser Beckoning         Tloc           0%         N/A       69%         3
 Swiftness                Air            0%         N/A       69%         3
 Teleport Other           Tloc           0%         N/A       69%         3
 Flame Wave               Conj/Fire      0%         2d4       97%         4


Dungeon Overview and Level Annotations

Branches:
Dungeon (6/15)
 Temple: D:4-7

Altars:
Sif Muna

Annotations:
D:4 Grinder
D:5 Pikel


Innate Abilities, Weirdness & Mutations

You have sharp claws.
You have razor-sharp teeth.
You have supernaturally acute eyesight. (SInv)
You cover ground quickly. (Speed+)
You are covered in fur. (AC +1)
Your paws help you pounce on unaware monsters.
You are incapable of wielding weapons or throwing items.
You cannot wear armour.
You gain extra lives every three experience levels.


Message History

Your Fighting skill increases to level 4!
No target in view!
No target in view!
An orc priest and 3 orcs come into view.
An orc is wielding a +2 short sword of speed.
There are monsters nearby!
There are monsters nearby!
The orc priest calls down the wrath of Beogh upon you.
Beogh smites you!
Ouch! That really hurt!
The orc shouts! x2
Sorry, you're not good enough to have a special ability.
As you read the scroll labelled WICHEK RAH SESHRAI, it crumbles to dust.
Magic quickly surges around you.
It was a scroll of vulnerability.
The orc barely misses you.
You scratch the orc.
The orc is heavily wounded.
The orc completely misses you.
You scratch the orc.
The orc is severely wounded.
The orc misses you.
You barely miss the orc. You scratch the orc.
The orc is lightly wounded.
You closely miss the orc. You bite the orc, but do no damage.
The orc is lightly wounded.
The orc completely misses you. The orc closely misses you. The orc misses you.
The orc shouts!
You scratch the orc.
You kill the orc!
The orc closely misses you.
You see here a +0 dagger.
You claw the orc!
You kill the orc!
You scratch the orc.
The orc is heavily wounded.
You barely miss the orc.
The orc is heavily wounded.
The orc hits you with a +0 flail!
You die...

#.########
.....o...#
...#####o####
#...@o..####.
#.............#
#.###...........#..
#.............#...#
#..##.......#.#..#
#. #............# .
#.......#.##.##.
####............
####..######


You could see an orc priest and an orc.

Vanquished Creatures
  A water moccasin zombie (D:5)
  A bullfrog skeleton (D:6)
  An orc priest (D:5)
  3 hounds (D:5)
  A hound skeleton (D:5)
  2 adders (D:3)
  An adder skeleton (D:4)
  A worm (D:3)
  A dart slug (D:4)
  10 orcs
  2 endoplasms (D:3)
  2 giant cockroaches (D:3)
  3 goblins
  2 hobgoblins (D:4)
  5 jackals
  A quokka (D:3)
  A ball python (D:3)
  A bat (D:3)
  A frilled lizard (D:3)
  9 kobolds
  A rat (D:3)
50 creatures vanquished.

Vanquished Creatures (others)
  8 plants (D:4)
  10 toadstools (D:4)
18 creatures vanquished.

Grand Total: 68 creatures vanquished

Notes
Turn   | Place    | Note
-------+----------+-------------------------------------------
     0 | D:5      | Zeldest the Felid Delver began the quest for the Orb.
     0 | D:5      | Reached XP level 1. HP: 10/10 MP: 2/2
   282 | D:5      | Noticed an orc priest
   287 | D:5      | Killed an orc priest
   288 | D:5      | Reached XP level 2. HP: 14/14 MP: 3/3
   288 | D:5      | Reached XP level 3. HP: 17/17 MP: 4/4
   696 | D:3      | Reached skill level 7 in Stealth
   797 | D:3      | Reached XP level 4. HP: 6/21 MP: 5/5
  1692 | D:4      | Noticed Grinder
  1728 | D:4      | Noticed Grinder
  1728 | D:4      | Grinder changed into Grinder the quasit
  1758 | D:5      | HP: 1/21 [orc/+0 trident (3)]
  1759 | D:5      | Slain by an orc
  1760 | D:5      | Reached XP level 3. HP: -5/17 MP: 4/4
  1867 | D:5      | Noticed a scorpion
  2053 | D:5      | Reached XP level 4. HP: 4/22 MP: 5/5
  2379 | D:5      | Reached XP level 5. HP: 5/25 MP: 6/6
  2646 | D:5      | Found a shimmering blue altar of Sif Muna.
  2839 | D:5      | Noticed Pikel
  2839 | D:5      | Noticed a lemure
  2839 | D:5      | Noticed a lemure
  2839 | D:5      | Noticed a lemure
  2840 | D:5      | Noticed a lemure
  2885 | D:6      | Slain by an orc

Illustrated notes

Levels and vault maps discovered:
D:3:      wander_river, layout_basic
D:4:      cheibrodos_fertilizer, layout_loops_corners, kennysheep_little_box,
          nicolae_ru_the_path_less_chosen, serial_bayou, serial_bayou_shore_b,
          serial_bayou_ford_a, serial_bayou_pond_b, serial_bayou_pond_b,
          serial_bayou_crossing, gammafunk_ghost_grave, uniq_edmund,
          uniq_grinder
D:5:      layout_rooms, marbit_many_paths, kennysheep_nondescript, fountainhead,
          uniq_pikel
D:6:      layout_loops_ring, mainiacjoe_overflow_catwalk,
          minmay_temple_entry_wispy

Skill      XL: |  1  2  3  4  5 |
---------------+----------------+-----
Dodging        | 3 4 |  4.5
Stealth        | 7 |  7.7
Unarmed Combat | 3 4 |  4.3
Fighting       | 4 |  4.0

Action                   |  1- 3 |  4- 6 || total
-------------------------+-------+-------++-------
Melee: Unarmed           |    64 |   108 ||   172
       Bite              |     3 |    12 ||    15
       Punch             |     1 |     2 ||     3
Evoke: Wand              |       |     1 ||     1
  Use: Scroll            |     3 |     2 ||     5
       Potion            |     1 |     3 ||     4
 Stab: Sleeping          |     9 |     1 ||    10
       Distracted        |       |     1 ||     1
Armor: Skin              |     2 |     4 ||     6
Dodge: Dodged            |    42 |    94 ||   136

Table legend: (Time is in decaauts)
 A = Elapsed time spent in this place.
 B = Non-inter-level travel time spent in this place.
 C = Inter-level travel time spent in this place.
 D = Time resting spent in this place.
 E = Time spent auto-exploring this place.
 F = Levels seen in this place.
 G = Mean time per level.
                   A        B        C        D        E       F      G
               +--------+--------+--------+--------+--------+-----+--------+
         Total |   2627 |   2616 |     11 |   1425 |    689 |   4 |  656.8 |
       Dungeon |   2627 |   2616 |     11 |   1425 |    689 |   4 |  656.8 |
               +--------+--------+--------+--------+--------+-----+--------+

Top non-repeatable levels by time:
     D:5: 1340 daAuts
     D:3: 820 daAuts
     D:4: 432 daAuts
     D:6: 34 daAuts
